 Dungeon Crawl Stone Soup version 0.28-a0-804-g60983d4ba9 (webtiles) character file.

Game seed: 6331278956961250448

407 croobank the Sneak (level 6, -5/39 HPs)
             Began as an Octopode Transmuter on Nov 7, 2021.
             Killed from afar by a white imp (11 damage)
             ... with a puff of frost
             ... on level 4 of the Dungeon.
             The game lasted 00:19:56 (3685 turns).

croobank the Sneak (Octopode Transmuter)            Turns: 3685, Time: 00:19:56

Health: -5/39      AC:  1    Str: 11    XL:     6   Next: 88%
Magic:  9/9        EV: 14    Int: 16    God:
Gold:   147        SH:  0    Dex: 12    Spells: 3/9 levels left

rFire   . . .      SeeInvis .   e - +1 short sword (vamp)
rCold   . . .      Faith    .   (no shield)
rNeg    . . .      Spirit   .   (helmet restricted)
rPois   .          Reflect  .   (no amulet)
rElec   .          Harm     .   (no ring)
rCorr   .          Rampage  .   (no ring)
Will    .....                   (no ring)
Stlth   +++.......              (no ring)
HPRegen 0.13/turn               (no ring)
MPRegen 0.11/turn               (no ring)
                                (no ring)
                                (no ring)

@: no status effects
A: almost no armour, amphibious, 8 rings, camouflage 1, gelatinous body 1,
(nimble swimmer 1), tentacles
a: no special abilities


You were on level 4 of the Dungeon.
You visited 1 branch of the dungeon, and saw 4 of its levels.

You collected 147 gold pieces.

Inventory:

Hand Weapons
 b - a +0 dagger
 c - a +0 spear
 e - a +1 vampiric short sword (weapon)
 n - a +0 flail
 o - a +0 scythe
Missiles
 a - 120 stones (quivered)
 d - 22 arrows
 f - 6 datura-tipped darts
 m - 10 bolts
 p - a throwing net
Wands
 h - a wand of flame (22)
Scrolls
 g - 2 scrolls of teleportation {unknown}
 j - a scroll of immolation {unknown}
 k - 4 scrolls of magic mapping {unknown}
 q - a scroll of blinking {unknown}
Potions
 i - a potion of attraction
 l - a potion of lignification


   Skills:
 + Level 2.1 Fighting
 + Level 3.7 Short Blades
 + Level 3.6 Dodging
 + Level 3.8 Stealth
 + Level 3.4 Unarmed Combat
 + Level 2.3 Spellcasting
 + Level 2.5 Transmutations


You had 3 spell levels left.
You knew the following spells:

 Your Spells              Type           Power      Damage    Failure   Level
a - Beastly Appendage     Tmut           20%        N/A       7%          1
b - Wereblood             Tmut           10%        N/A       11%         2
c - Spider Form           Tmut/Pois      5%         N/A       34%         3

Your spell library contained the following spells:

 Spells                   Type           Power      Damage    Failure   Level
 Ice Form                 Ice/Tmut       5%         N/A       75%         4


Dungeon Overview and Level Annotations

Branches:
Dungeon (4/15)
 Temple: D:4-7

Altars:


Innate Abilities, Weirdness & Mutations

You cannot wear most types of armour.
You are amphibious.
You can wear up to eight rings at the same time.
Your skin changes colour to match your surroundings (Stealth+).
Your rubbery body absorbs attacks. (AC +1, EV +1)
((You are camouflaged near water. (Stealth+)))
You have tentacles for arms and can constrict up to eight enemies at once.


Message History

You start resting.
Magic restored.
You start resting.
HP restored.
There is an open translucent gate here.
You now have 126 gold pieces (gained 5).
k - 4 scrolls labelled GUPSATS LAKIUMP (gained 3)
a - 116 stones (gained 1)
You now have 137 gold pieces (gained 11).
a - 117 stones (gained 1)
a - 118 stones (gained 1)
a - 119 stones (gained 1)
a - 120 stones (gained 1)
There is an open translucent gate here.
Done exploring.
(D) Dungeon
Where to? (Enter - D:3, ? - help)
There is a stone staircase leading down here.
You climb downwards.
There is a stone staircase leading up here.
g - 2 scrolls labelled ILAWNO FEEGUU (gained 1)
You now have 147 gold pieces (gained 10).
Found a stone staircase leading down.
Okay, then.
Okay, then.
A white imp comes into view.
Found a scroll labelled URRAET JUDWOS and a ring mail.
The white imp shouts, "Turn tail, thou currish guts-griping clack-dish!"
The white imp gestures at you. The puff of frost hits you!
The white imp gestures at you. The puff of frost hits you.
The white imp gestures at you. The puff of frost hits you!
The white imp gestures at you. The puff of frost hits you!
* * * LOW HITPOINT WARNING * * *
The white imp gestures at you. The puff of frost hits you!
You die...

########### #.........#
#..#####..# #.##[.?##.#
#######.#..≈..#@##
........#.≈≈≈.#..#
.######.#.≈≈≈!#..# #
#......#.≈≈≈.#..#
#.#.###..#..≈..#..#
#...#<#..##.5.##..####.#
..........#...#5......>#
##....#...##.##...####.#
#.........#.#....#


You could see a white imp.

Vanquished Creatures
  Sigmund (D:2)
  The ghost of josh86 the Chiller, an amateur BaIE (D:3)
  Terence (D:2)
  4 gnolls (D:3)
  2 adders (D:2)
  A worm (D:2)
  2 dart slugs
  4 ball pythons
  5 endoplasms
  10 giant cockroaches (D:2)
  9 hobgoblins
  7 jackals
  9 kobolds
  2 quokkas (D:3)
  8 bats
  5 frilled lizards
  4 goblins
  5 rats
80 creatures vanquished.

Notes
Turn   | Place    | Note
-------+----------+-------------------------------------------
     0 | D:1      | croobank the Octopode Transmuter began the quest for the
                  | Orb.
     0 | D:1      | Reached XP level 1. HP: 13/13 MP: 3/3
    91 | D:1      | Found a faded altar of an unknown god.
   319 | D:1      | Reached XP level 2. HP: 18/18 MP: 5/5
   581 | D:1      | Reached XP level 3. HP: 16/23 MP: 6/6
   897 | D:2      | Noticed Sigmund
  1670 | D:2      | Learned a level 2 spell: Wereblood
  1716 | D:2      | Reached skill level 1 in Short Blades
  1753 | D:2      | Noticed Terence
  1774 | D:2      | Killed Terence
  1775 | D:2      | Reached skill level 1 in Stealth
  1775 | D:2      | Reached XP level 4. HP: 19/28 MP: 5/7
  2315 | D:2      | Killed Sigmund
  2316 | D:2      | Reached XP level 5. HP: 34/34 MP: 8/8
  2316 | D:2      | Reached XP level 6. HP: 39/39 MP: 9/9
  2996 | D:3      | Learned a level 3 spell: Spider Form
  3103 | D:3      | Found a runed translucent gate.
  3103 | D:3      | Found a runed translucent gate.
  3103 | D:3      | Found a runed translucent gate.
  3107 | D:3      | Noticed josh86's ghost (amateur BaIE)
  3243 | D:3      | HP: 1/39 [josh86's ghost (6)]
  3244 | D:3      | Killed josh86's ghost
  3685 | D:4      | Killed from afar by a white imp

Illustrated notes

Levels and vault maps discovered:
D:1:      evilmike_arrival_rings, layout_basic,
          ebering_ecumenical_altar_sacrificial
D:2:      minmay_roachtagon, layout_loops_ring, uniq_terence, uniq_sigmund
D:3:      layout_loops_ring, ebering_ghost_rock_garden
D:4:      layout_basic, minmay_fire_ice_demons

Skill      XL: |  1  2  3  4  5  6 |
---------------+-------------------+-----
Short Blades   | 1 3 |  3.7
Stealth        | 1 3 |  3.8
Dodging        | 3 |  3.6
Fighting       | 2 |  2.1
Unarmed Combat | |  3.4
Spellcasting   | |  2.3
Transmutations | |  2.5

Action                   |  1- 3 |  4- 6 || total
-------------------------+-------+-------++-------
Melee: Dagger            |    11 |       ||    11
       Unarmed           |     4 |       ||     4
       Constrict         |    23 |    25 ||    48
       Short sword       |    79 |   115 ||   194
       Tentacles         |    12 |    24 ||    36
       Punch             |       |     2 ||     2
       Kick              |       |     3 ||     3
Throw: Stone             |     7 |       ||     7
 Cast: Wereblood         |     1 |     3 ||     4
       Beastly Appendage |       |     1 ||     1
  Use: Potion            |     2 |     4 ||     6
       Scroll            |     1 |     2 ||     3
 Stab: Sleeping          |     2 |     6 ||     8
       Distracted        |       |     1 ||     1
Armor: Skin              |     8 |     9 ||    17
Dodge: Dodged            |    59 |    78 ||   137

Table legend: (Time is in decaauts)
 A = Elapsed time spent in this place.
 B = Non-inter-level travel time spent in this place.
 C = Inter-level travel time spent in this place.
 D = Time resting spent in this place.
 E = Time spent auto-exploring this place.
 F = Levels seen in this place.
 G = Mean time per level.
                   A        B        C        D        E       F      G
               +--------+--------+--------+--------+--------+-----+--------+
         Total |   3715 |   3648 |     67 |    926 |   1875 |   4 |  928.8 |
       Dungeon |   3715 |   3648 |     67 |    926 |   1875 |   4 |  928.8 |
               +--------+--------+--------+--------+--------+-----+--------+

Top non-repeatable levels by time:
     D:1: 1387 daAuts
     D:3: 1186 daAuts
     D:2: 1086 daAuts
     D:4: 54 daAuts
